 Dungeon Crawl Stone Soup version 0.28-a0-697-g47f3eba078 (webtiles) character file.

Game seed: 7130240037022366499

10154 ragingrage the Grappler (level 11, -8/90 HPs)
             Began as a Demonspawn Chaos Knight on Oct 24, 2021.
             Was a Plaything of Xom.
             Mangled by a death knight (11 damage)
             ... on level 8 of the Dungeon.
             The game lasted 00:14:07 (8619 turns).

ragingrage the Grappler (Demonspawn Chaos Knight)   Turns: 8619, Time: 00:14:07

Health: -8/90      AC: 17    Str: 13    XL:     11   Next: 32%
Magic:  11/11      EV:  6    Int: 15    God:    Xom [*.....]
Gold:   494        SH:  0    Dex: 19    Spells: 8/10 levels left

rFire   + . .      SeeInvis .     - Unarmed
rCold   + + .      Faith    .   (no shield)
rNeg    . . .      Spirit   .   D - +2 chain mail "Zozoss" {-Tele rElec Int+2 Slay+2}
rPois   .          Reflect  .   (helmet restricted)
rElec   +          Harm     .   (no cloak)
rCorr   .          Rampage  .   F - +0 pair of gloves of Jocular the Leaf {rC+ Dex+6}
Will    +....      NoTele   +   (no boots)
Stlth   ..........              (no amulet)
HPRegen 1.25/turn               B - +4 ring of protection
MPRegen 0.12/turn               A - ring "Ogyolibb" {Wiz rF+ rC+ Will+ Str-3}

@: no status effects
A: rugged brown scales 2, foul stench 2, spiny 2, weakness stinger 2, beak,
talons 1, passive freeze, regeneration 1
a: Renounce Religion


You were on level 8 of the Dungeon.
You worshipped Xom.
You were a special plaything of Xom.
You visited 1 branch of the dungeon, and saw 9 of its levels.
You also visited: Sewer.

You collected 494 gold pieces.

Inventory:

Missiles
 f - 6 silver javelins (quivered)
Armour
 a - a +2 leather armour
 k - +1 acid dragon scales
 D - the +2 chain mail "Zozoss" (worn) {-Tele rElec Int+2 Slay+2}
   (You found it on level 7 of the Dungeon)

   Int:       It affects your intelligence (+2).
   Slay:      It affects your accuracy & damage with ranged weapons and melee
   (+2).
   rElec:     It insulates you from electricity.
   -Tele:     It prevents most forms of teleportation.
 F - the +0 pair of gloves of Jocular the Leaf (worn) {rC+ Dex+6}
   (You acquired it on level 8 of the Dungeon)

   Dex:       It affects your dexterity (+6).
   rC:        It protects you from cold.
Jewellery
 e - a ring of protection from cold
 A - the ring "Ogyolibb" (right hand) {Wiz rF+ rC+ Will+ Str-3}
   (You found it on level 5 of the Dungeon)

   [ring of wizardry]

   It improves your spell success rate.
   Str:       It affects your strength (-3).
   rF:        It protects you from fire.
   rC:        It protects you from cold.
   Will:      It increases your willpower.
 B - a +4 ring of protection (left hand)
Wands
 q - a wand of flame (24)
 w - a wand of charming (9)
 z - a wand of iceblast (14)
 E - a wand of polymorph (8)
Scrolls
 d - 2 scrolls of blinking
 h - 4 scrolls of teleportation
 l - 2 scrolls of enchant weapon
 r - 4 scrolls of identify
 t - 2 scrolls of magic mapping
 y - a scroll of summoning
Potions
 b - a potion of berserk rage {unknown}
 c - 4 potions of lignification
 g - a potion of invisibility {unknown}
 i - a potion of cancellation {unknown}
 j - a potion of flight {unknown}
 m - 4 potions of resistance
 o - a potion of haste {unknown}
 p - 5 potions of curing
 s - 2 potions of attraction {unknown}
 u - a potion of might {unknown}
 v - a potion of magic {unknown}
 C - 2 potions of heal wounds {unknown}
Miscellaneous
 n - a phantom mirror (inert)


   Skills:
 + Level 8.2 Fighting
 - Level 1.7 Armour
 - Level 0.8 Dodging
 * Level 14.6 Unarmed Combat
 - Level 3.0 Translocations


You had 8 spell levels left.
You knew the following spells:

 Your Spells              Type           Power      Damage    Failure   Level
a - Blink                 Tloc           N/A        N/A       80%         2

Your spell library contained the following spells:

 Spells                   Type           Power      Damage    Failure   Level
 Lesser Beckoning         Tloc           9%         N/A       95%         3
 Static Discharge         Conj/Air       0%         N/A       99%         2
 Tukima's Dance           Hex            0%         N/A       100%        3
 Dispel Undead            Necr           0%         3d6       100%        4
 Fulminant Prism          Conj/Hex       0%         3d6       100%        4
 Passage of Golubria      Tloc           9%         N/A       100%        4
 Sticky Flame             Conj/Fire      0%         2d3       100%        4
 Manifold Assault         Tloc           9%         N/A       100%        5
 Yara's Violent Unravell  Hex/Tmut       0%         3d3       100%        5
 Storm Form               Tmut/Air       0%         N/A       100%        7


Dungeon Overview and Level Annotations

Branches:
Dungeon (9/15)             Temple (0/1) D:6           Sewer (visited)
   Lair: D:8-11         Orc: D:9-12

Altars:
Fedhas
Nemelex Xobeh
Qazlal
Ru
Sif Muna
Trog
Uskayaw
Xom
Zin
The Shining One

Shops:
D:1 (

Annotations:
D:9 4 runed translucent doors


Innate Abilities, Weirdness & Mutations

You are mostly covered in rugged brown scales. (AC +2, +5% HP)
You sometimes emit foul miasma when damaged in melee.
You are mostly covered in sharp spines.
You have a tail ending in a sharp stinger.
You have a beak for a mouth.
You have sharp toenails.
A frigid envelope surrounds you and freezes all who hurt you.
Your natural rate of healing is unusually fast.


Message History

You resist with some effort.
Xom is mildly amused.
Xom thinks this is hilarious!
The death knight shouts!
The death knight offers itself to Yredelemnul, and fills with unholy energy.
The death knight mumbles some strange prayers to Yredelemnul against you.
Your body is wracked with pain!
* * * LOW HITPOINT WARNING * * *
The death knight's dark mirror aura disappears.
Xom's power touches on your mind for a moment.
You are confused.
The death knight is no longer moving slowly.
You bump into the rock wall.
You're too confused to move!
The death knight is struck by your spines.
The death knight hits you with a +1 morningstar!
* * * LOW HITPOINT WARNING * * *
The death knight is very cold.
The death knight is heavily wounded.
The death knight mumbles some strange prayers to Yredelemnul against you.
You resist with some effort.
You feel better.
The death knight hits you with a +1 morningstar!
* * * LOW HITPOINT WARNING * * *
The death knight is very cold.
The death knight is heavily wounded.
You emit a cloud of foul miasma!
Unknown command.
The death knight is engulfed in dark miasma.
The death knight is poisoned.
The death knight hits you but does no damage.
The death knight is very cold.
The death knight is severely wounded.
There is a stone staircase leading down here.
The death knight hits you with a +1 morningstar!!
* * * LOW HITPOINT WARNING * * *
The death knight is very cold.
The death knight is almost dead.
The death knight hits you with a +1 morningstar!
You die...
Xom cackles wildly!

###..####.#####.# ##.#.#
#.<####.# #.# #...#
#.p..##.# #.#####.###
#.##.##.#####.......#
#.##.##.....#######.# #
#......ยงรท##.# #.# #
#.##.##..##.#######.# ##
#.##...p.##.<.......# #.
#.#####@###############.
#.#####.# #.# #.......#
##.. ######### #...
##... #.... ###....
#...... #......


You could see a death knight (fast, strong, poisoned).

Vanquished Creatures
  Erica (D:8)
  A two-headed ogre (D:8)
  A harpy (D:9)
  Pikel (D:8)
  A water nymph (shapeshifter) (D:5)
  4 centaur zombies
  Maggie (D:8)
  A troll (D:9)
  2 hornets (D:9)
  Prince Ribbit (D:5)
  2 wyverns
  Eustachio (D:5)
  A ynoxinul (D:9)
  12 yaks (D:9)
  5 water moccasins
  A black bear (D:6)
  2 ogres (D:6)
  2 orc warriors (D:9)
  A necrophage (D:6)
  5 centaurs
  A phantom (D:6)
  A kobold brigand (D:6)
  4 bullfrogs
  A scorpion (D:6)
  A water moccasin skeleton (D:6)
  14 killer bees
  3 howler monkeys
  A bullfrog zombie (D:5)
  4 hounds
  4 orc priests
  A jelly (D:6)
  11 orc wizards
  Ijyb (D:3)
  3 iguanas
  A killer bee zombie (D:6)
  A hound zombie (D:5)
  A hound skeleton (D:4)
  3 howler monkey zombies
  Robin (D:3)
  8 adders
  A gnoll (D:1)
  2 shadow imps
  2 white imps
  3 ufetubi (D:5)
  5 worms
  A dart slug (D:4)
  37 orcs
  21 ball pythons
  3 bats
  22 endoplasms
  10 giant cockroaches
  10 goblins
  4 hobgoblins
  6 jackals
  10 quokkas
  20 frilled lizards
  11 kobolds
  3 rats (D:3)
282 creatures vanquished.

Vanquished Creatures (collateral kills)
  Grinder (D:3)
  A hound (D:5)
  An adder zombie (D:5)
3 creatures vanquished.

Vanquished Creatures (others)
  An orc wizard (D:4)
1 creature vanquished.

Grand Total: 286 creatures vanquished

Notes
Turn   | Place    | Note
-------+----------+-------------------------------------------
     0 | D:1      | ragingrage the Demonspawn Chaos Knight began the quest for
                  | the Orb.
     0 | D:1      | Reached XP level 1. HP: 18/18 MP: 1/1
    95 | D:1      | XOM: silly message
   142 | D:1      | Reached skill level 3 in Unarmed Combat
   240 | D:1      | XOM: cloud trail
   313 | D:1      | Gained mutation: You have a small tail. [demonic ancestry]
   313 | D:1      | Reached XP level 2. HP: 14/24 MP: 2/2
   453 | D:1      | Found a faded altar of an unknown god.
   459 | D:1      | XOM: silly message
   483 | D:1      | Found Urghethred's Antique Weapon Shoppe.
   566 | D:1      | XOM: 1-stop teleportation journey
   890 | D:1      | Gained mutation: You are partially covered in sharp spines.
                  | [demonic ancestry]
   890 | D:1      | Reached XP level 3. HP: 27/29 MP: 3/3
   963 | D:1      | XOM: god gift: 20 stones
  1156 | D:1      | Reached skill level 4 in Unarmed Combat
  1573 | D:2      | XOM: divination: detect creatures
  1700 | D:2      | XOM: 1-stop teleportation journey
  1713 | D:2      | XOM: god gift: phantom mirror
  1929 | D:3      | Noticed Ijyb
  1938 | D:3      | XOM: smoke on damage
  1941 | D:3      | XOM: confuse monster(s)
  2014 | D:2      | XOM is BORED!
  2030 | D:2      | XOM: silly message
  2286 | D:3      | Noticed Grinder
  2288 | D:3      | XOM: cast spell 'Summon Hydra'
  2294 | D:3      | Killed Grinder
  2295 | D:3      | Reached skill level 6 in Unarmed Combat
  2295 | D:3      | Gained mutation: You are mostly covered in sharp spines.
                  | [demonic ancestry]
  2295 | D:3      | Reached XP level 4. HP: 35/35 MP: 4/4
  2295 | D:3      | Gained mutation: You may rarely emit foul miasma when
                  | damaged in melee. [demonic ancestry]
  2295 | D:3      | Reached XP level 5. HP: 41/41 MP: 5/5
  2332 | D:3      | XOM: cast spell 'Summon Small Mammal'
  2392 | D:3      | XOM: enchant monster (bad)
  2395 | D:3      | Reached XP level 6. HP: 44/47 MP: 6/6
  2558 | D:3      | Found a stormy altar of Qazlal.
  2653 | D:3      | XOM: 3-stop teleportation journey
  2666 | D:3      | Killed Ijyb
  2742 | D:3      | XOM: 2-stop teleportation journey
  2865 | D:3      | Noticed Robin
  2871 | D:3      | Killed Robin
  3278 | D:4      | XOM: smoke on damage
  3282 | D:4      | Reached skill level 7 in Unarmed Combat
  3284 | D:4      | Gained mutation: You sometimes emit foul miasma when
                  | damaged in melee. [demonic ancestry]
  3284 | D:4      | Reached XP level 7. HP: 21/52 MP: 7/7
  3317 | D:4      | Found a blossoming altar of Fedhas.
  3318 | D:4      | Found a sacrificial altar of Ru.
  3533 | D:4      | XOM: swap monsters
  3552 | D:4      | Found a hide-covered altar of Uskayaw.
  3628 | D:4      | Reached skill level 8 in Unarmed Combat
  3686 | D:4      | Found a glowing drain.
  3697 | D:4      | XOM: give mutations
  3697 | D:4      | Gained mutation: You have hidden genetic potential. [Xom's
                  | grace]
  3697 | D:4      | Gained mutation: Your flesh is heat resistant. (rF+) [Xom's
                  | grace]
  3697 | D:4      | Gained mutation: Your muscles are strong. (Str +2) [Xom's
                  | grace]
  3697 | D:4      | Gained mutation: You have sharp toenails. [Xom's grace]
  3709 | Sewer    | Entered a sewer
  3714 | Sewer    | XOM: 1-stop teleportation journey
  4456 | D:5      | Entered Level 5 of the Dungeon
  4537 | D:5      | Identified the ring "Ogyolibb" {Wiz rF+ rC+ Will+ Str-3}
  4554 | D:5      | Noticed a glowing shapeshifter
  4554 | D:5      | a scorpion changed into a glowing shapeshifter
  4554 | D:5      | XOM: polymorph scorpion -> glowing shapeshifter
  4554 | D:5      | Noticed a water nymph
  4554 | D:5      | a glowing shapeshifter changed into a water nymph
  4556 | D:5      | XOM: summons 4 friendly demons
  4557 | D:5      | Killed a water nymph
  4558 | D:5      | Reached skill level 9 in Unarmed Combat
  4558 | D:5      | Gained mutation: You are partially covered in rugged brown
                  | scales. (AC +1, +3% HP) [demonic ancestry]
  4558 | D:5      | Reached XP level 8. HP: 10/59 MP: 8/8
  4568 | D:5      | Gained mutation: You have a beak for a mouth. [hidden
                  | potential]
  4651 | D:5      | XOM: 1-stop teleportation journey
  4700 | D:5      | Reached skill level 10 in Unarmed Combat
  4823 | D:5      | Noticed Eustachio
  4823 | D:5      | Noticed Prince Ribbit
  4825 | D:5      | XOM: butterfly on damage
  4830 | D:5      | Killed Prince Ribbit
  4906 | D:4      | XOM: god gift: scroll labelled BIMAKHL PITONY {god gift}
  5081 | D:5      | Reached skill level 11 in Unarmed Combat
  5182 | D:5      | Killed Eustachio
  5183 | D:5      | Gained mutation: You have a tail ending in a sharp stinger.
                  | [demonic ancestry]
  5183 | D:5      | Reached XP level 9. HP: 57/64 MP: 9/9
  5468 | D:5      | XOM: give mutations
  5468 | D:5      | Gained mutation: Your natural rate of healing is unusually
                  | fast. [Xom's grace]
  5468 | D:5      | Gained mutation: A frigid envelope surrounds you and
                  | freezes all who hurt you. [Xom's grace]
  5468 | D:5      | Gained mutation: Your movements are slightly less
                  | encumbered by armour. (ER -2) [Xom's grace]
  5604 | D:6      | XOM: scenery: create altars
  5615 | D:6      | Gained mutation: You possess an exceptional clarity of
                  | mind. [hidden potential]
  5615 | D:6      | Lost mutation: You have hidden genetic potential. [hidden
                  | potential expressed]
  5751 | D:6      | Found a staircase to the Ecumenical Temple.
  5905 | D:6      | Reached skill level 12 in Unarmed Combat
  5911 | D:6      | XOM: god gift: staff of fire
  5995 | D:6      | Learned a level 2 spell: Blink
  6339 | D:7      | XOM: 3-stop teleportation journey
  6380 | D:7      | XOM: swap monsters
  6382 | D:7      | XOM: polymorph howler monkey -> adder
  6479 | D:7      | Reached skill level 1 in Translocations
  6487 | D:7      | XOM: silly message
  6538 | D:7      | Reached skill level 5 in Fighting
  6593 | D:7      | XOM: give mutations
  6593 | D:7      | Lost mutation: You possess an exceptional clarity of mind.
                  | [Xom's mischief]
  6593 | D:7      | Lost mutation: Your muscles are strong. (Str +2) [Xom's
                  | mischief]
  6665 | D:7      | Identified the +2 chain mail "Zozoss" {-Tele rElec Int+2
                  | Slay+2}
  7051 | D:8      | Noticed Pikel
  7054 | D:8      | XOM: stat loss: -1 Str (12/13)
  7055 | D:8      | XOM: confuse monster(s)
  7058 | D:8      | Noticed Maggie
  7061 | D:8      | XOM: cleaving
  7062 | D:8      | Killed Pikel
  7063 | D:8      | Gained mutation: You are mostly covered in rugged brown
                  | scales. (AC +2, +5% HP) [demonic ancestry]
  7063 | D:8      | Reached XP level 10. HP: 69/77 MP: 10/10
  7067 | D:8      | XOM: enchant monster (bad)
  7074 | D:8      | Killed Maggie
  7075 | D:8      | XOM: swap monsters
  7097 | D:8      | Noticed a two-headed ogre
  7103 | D:8      | Noticed Erica
  7106 | D:8      | Killed a two-headed ogre
  7165 | D:8      | Killed Erica
  7166 | D:8      | Reached skill level 13 in Unarmed Combat
  7223 | D:8      | XOM: give mutation
  7223 | D:8      | Lost mutation: Your flesh is heat resistant. (rF+) [Xom's
                  | mischief]
  7269 | D:8      | XOM: draining
  7351 | D:8      | XOM: silly message
  7392 | D:8      | Found a sparkling altar of Nemelex Xobeh.
  7439 | D:8      | Identified a scroll of acquirement
  7439 | D:8      | Acquired the +0 pair of gloves of Jocular the Leaf {rC+
                  | Dex+6}
  7810 | D:9      | Found a large runed translucent door.
  7810 | D:9      | Found a large runed translucent door.
  7811 | D:9      | Found a large runed translucent door.
  7811 | D:9      | Found a large runed translucent door.
  7820 | D:9      | Noticed a manticore
  7820 | D:9      | Noticed a skeletal warrior
  7865 | D:9      | XOM is BORED!
  7865 | D:9      | XOM: give mutation
  7865 | D:9      | Lost mutation: Your movements are slightly less encumbered
                  | by armour. (ER -2) [Xom's mischief]
  7943 | D:9      | Found a bloodstained altar of Trog.
  7971 | D:9      | Found a shimmering blue altar of Sif Muna.
  7977 | D:9      | Got Sif Muna's Catalogue of Malediction
  8023 | D:9      | Reached skill level 14 in Unarmed Combat
  8027 | D:9      | Reached XP level 11. HP: 70/88 MP: 11/11
  8063 | D:9      | XOM: scenery: 1 doors open, 1 doors close
  8081 | D:9      | XOM: god gift: +1 pair of gloves of stealth
  8090 | D:9      | XOM: scenery: 2 doors open
  8091 | D:9      | Noticed a harpy
  8091 | D:9      | a yak changed into a harpy
  8091 | D:9      | XOM: polymorph yak -> harpy
  8095 | D:9      | Killed a harpy
  8235 | D:9      | XOM: summons 2 friendly demons
  8543 | D:9      | Noticed a death knight
  8549 | D:9      | XOM: enchant monster (good)
  8579 | D:8      | XOM: torment (38/90 hp)
  8583 | D:8      | XOM: chaos cloud
  8612 | D:8      | XOM: confusion
  8619 | D:8      | HP: 3/90 [death knight (21)]
  8619 | D:8      | Mangled by a death knight

Illustrated notes

Levels and vault maps discovered:
D:1:      zelgadis_glass_arrival_small, layout_rooms, serial_shops,
          nicolae_shop_trees, basic_ecumenical_altar
D:2:      layout_loops_ring
D:3:      layout_loops_ring, general_overflow_altar,
          mainiacjoe_overflow_alcove_2, uniq_ijyb, uniq_robin, uniq_grinder
D:4:      layout_rooms, gammafunk_temple_overflow_statue, kennysheep_mini_moat,
          cheibrodos_sewer_entry_bend, minivault_1, kennysheep_potato
D:5:      layout_rooms, hangedman_minor_gate_pass, uniq_eustachio,
          uniq_prince_ribbit1
D:6:      layout_basic, minmay_temple_entry_statues_pillars
D:7:      layout_loops_corners
D:8:      layout_loops_cross, marbit_many_paths, zin_academy, uniq_pikel,
          uniq_maggie, uniq_erica
D:9:      layout_basic, nzn_overflow_gifts_of_might_and_magic,
          minmay_hollow_rounded_squares

Skill      XL: |  1  2  3  4  5  6  7  8  9 10 11 |
---------------+----------------------------------+-----
Unarmed Combat | 3 6 7 9 11 12 14 | 14.6
Fighting       | 5 7 8 |  8.2
Translocations | 2 3 |  3.0
Armour         | |  1.7
Dodging        | |  0.8

Action                   |  1- 3 |  4- 6 |  7- 9 | 10-12 || total
-------------------------+-------+-------+-------+-------++-------
Melee: Unarmed           |   110 |    39 |   100 |   128 ||   377
       Tailslap          |     8 |    11 |    32 |    22 ||    73
       Punch             |     1 |     4 |    11 |     7 ||    23
       Whip              |       |    29 |   138 |       ||   167
       Kick              |       |       |    55 |    37 ||    92
       Peck              |       |       |    21 |    28 ||    49
Evoke: Wand              |       |       |       |     3 ||     3
       Phantom mirror    |       |       |       |     1 ||     1
  Use: Scroll            |       |       |     9 |     4 ||    13
       Potion            |       |       |       |     1 ||     1
 Stab: Sleeping          |       |       |     2 |       ||     2
       Confused          |       |       |     2 |       ||     2
       Distracted        |       |       |     1 |       ||     1
Armor: Leather armour    |    26 |     7 |    77 |       ||   110
       Chain mail        |       |       |    13 |    81 ||    94
Dodge: Dodged            |    56 |    27 |   117 |    21 ||   221

Table legend: (Time is in decaauts)
 A = Elapsed time spent in this place.
 B = Non-inter-level travel time spent in this place.
 C = Inter-level travel time spent in this place.
 D = Time resting spent in this place.
 E = Time spent auto-exploring this place.
 F = Levels seen in this place.
 G = Mean time per level.
                   A        B        C        D        E       F      G
               +--------+--------+--------+--------+--------+-----+--------+
         Total |   8652 |   8373 |    279 |   1205 |   5494 |  10 |  865.2 |
       Dungeon |   8062 |   7783 |    279 |   1205 |   5098 |   9 |  895.8 |
         Sewer |    590 |    590 |      0 |      0 |    395 |   1 |  590.0 |
               +--------+--------+--------+--------+--------+-----+--------+

Top non-repeatable levels by time:
     D:1: 1271 daAuts
     D:4: 1032 daAuts
     D:3: 1000 daAuts
     D:7: 995 daAuts
     D:2: 933 daAuts
     D:5: 816 daAuts
     D:8: 754 daAuts
     D:9: 739 daAuts
   Sewer: 590 daAuts
     D:6: 518 daAuts
